 Dungeon Crawl Stone Soup version 0.30-a0-373-gd37427bb62 (webtiles) character file.

Game seed: 15612883551940704924

42 Raultor the Changer (level 3, -1/23 HPs)
             Began as an Octopode Transmuter on Nov 24, 2022.
             Slain by Crazy Yiuf
             ... wielding a +3 quarterstaff of chaos
              (7 damage)
             ... on level 2 of the Dungeon.
             The game lasted 00:06:04 (1802 turns).

Raultor the Changer (Octopode Transmuter)           Turns: 1802, Time: 00:06:04

Health: -1/23      AC:  2    Str: 11    XL:     3   Next: 54%
Magic:  0/6        EV: 19    Int: 15    God:
Gold:   132        SH:  0    Dex: 17    Spells: 0/6 levels left

rFire   . . .      SeeInvis .      - Unarmed
rCold   . . .      Faith    .    (shield currently unavailable)
rNeg    . . .      Spirit   .    (helmet currently unavailable)
rPois   x          Reflect  .    (no amulet)
rElec   .          Harm     .    (no ring)
rCorr   .          Rampage  .    (no ring)
Will    .....                    (no ring)
Stlth   ++........               (no ring)
HPRegen 0.23/turn                (no ring)
MPRegen 0.10/turn                (no ring)
                                 (no ring)
                                 (no ring)

@: spider-form (expiring), very slightly contaminated
A: venomous fangs, almost no armour, (amphibious), 8 rings, tiny, (camouflage
1), (gelatinous body 1), (nimble swimmer 1), (tentacles)
a: End Transformation


You were on level 2 of the Dungeon.
You were a venomous arachnid creature.
You visited 1 branch of the dungeon, and saw 2 of its levels.

You collected 132 gold pieces.


Innate Abilities, Weirdness & Mutations

You are a venomous arachnid creature.
You have poisonous fangs.
You are tiny and dextrous.
Your spellcasting is less reliable in this form.
Your armour is entirely melded.
You are incapable of wielding weapons or throwing items.
You cannot wear most types of armour.
((You are amphibious.))
You can wear up to eight rings at the same time.
((Your skin changes colour to match your surroundings (Stealth+).))
((Your rubbery body absorbs attacks. (AC +1, EV +1)))
((You are camouflaged when in or above water. (Stealth+)))
((You have tentacles for arms and can constrict up to eight enemies at once.))


   Skills:
 - Level 1.0 Fighting
 - Level 2.0 Dodging
 - Level 3.0 Unarmed Combat
 - Level 2.0 Spellcasting
 + Level 3.8 Transmutations
 * Level 0.1 Poison Magic


You couldn't memorise any spells.
You knew the following spells:

 Your Spells              Type           Power      Damage    Failure   Level
b - Beastly Appendage     Tmut           26%        N/A       14%         1
s - Spider Form           Tmut/Pois      7%         N/A       52%         3
w - Wereblood             Tmut           13%        N/A       19%         2

Your spell library contained the following spells:

 Spells                   Type           Power      Damage    Failure   Level
 Passwall                 Tmut/Erth      5%         N/A       34%         2
 Sandblast                Erth           2%         2d4       43%         1
 Stone Arrow              Conj/Erth      2%         3d7       75%         3
 Ice Form                 Ice/Tmut       7%         N/A       87%         4

Inventory:

Magical Staves
 j - a staff of poison {!a}
Scrolls
 b - a scroll of summoning {unknown}
 d - a scroll of enchant weapon {unknown}
 f - a scroll of blinking {unknown}
 g - a scroll of teleportation {unknown}
 i - a scroll of torment {unknown}
Potions
 a - 3 potions of lignification
 c - a potion of berserk rage {unknown}
 e - a potion of mutation {unknown}
 h - a potion of ambrosia {unknown}

Dungeon Overview and Level Annotations

Branches:
Dungeon (2/15)

Altars:

Annotations:
D:2 Crazy Yiuf

.#
##.########.#..#......#.#
#. .####......#
########....#.####.
...........# #..).....##.
.########..# ▒▒▒▒▒
#.##)#.#.##. .# #..#
▒)..▒ #.##.#.#.... .#
###.# ▒...▒ #......#..#.
.# #...# ... ####........
.# #.#.# ▒g▒ ####.###....
## #...# ♣s♣♣
#......#.... #.### ♣♣.♣
#....#...... #...# ♣.♣♣
#....#.#.... ##### ♣♣.♣
#....#...... ♣♣.♣♣
#....#.#.#.. ♣♣...♣
###......>.. ♣..P.♣
##.#.#.... #....#
###.#.#.. #....###
#.###..


You could see Crazy Yiuf.


Message History

You closely miss the ball python. You grab the ball python.
You constrict the ball python. The ball python bites you.
The ball python grabs you. The ball python constricts you.
You tentacle-slap the ball python.
You kill the ball python!
You see here a ball python corpse.
Your transformation is almost over.
Your tentacle spike disappears.
Casting: Beastly Appendage (safe; 4% risk of failure)
Confirm with . or Enter, or press ? or * to list all spells.
The spell is extremely dangerous to miscast (30% risk of failure)!
Continue anyway?
You miscast Spider Form.
You are very lightly contaminated with residual magic.
Nothing appears to happen.
Crazy Yiuf shouts!
Casting: Spider Form (extremely dangerous; 30% risk of failure)
Confirm with . or Enter, or press ? or * to list all spells.
The spell is extremely dangerous to miscast (30% risk of failure)!
Continue anyway?
You turn into a venomous arachnid creature.
Crazy Yiuf says, "Walk!
Dawk cower sow."
You open the door.
Your transformation is almost over.
You hit Crazy Yiuf but do no damage. Crazy Yiuf closely misses you.
You barely miss Crazy Yiuf.
Crazy Yiuf yells, "Papa!"
Crazy Yiuf hits you with a +3 quarterstaff of chaos!
Ouch! That really hurt!
* * * LOW HITPOINT WARNING * * *
Crazy Yiuf freezes you!
You die...

Skill      XL: |  1  2 |
---------------+-------+-----
Transmutations | 3 |  3.8
Fighting       | |  1.0
Dodging        | |  2.0
Unarmed Combat | |  3.0
Spellcasting   | |  2.0
Poison Magic   | |  0.1

Action                   || total
-------------------------++-------
Melee: Unarmed           ||    82
       Constrict         ||    18
       Tentacles         ||    13
       Punch             ||     5
       Kick              ||     7
 Cast: Beastly Appendage ||     8
       Wereblood         ||     2
       Spider Form       ||     1
 Stab: Sleeping          ||    10
Dodge: Dodged            ||    33

Levels and vault maps discovered:
D:1:      dpeg_arrival_orchard, layout_loops_corners
D:2:      layout_basic, uniq_crazy_yiuf_cottage

Notes
Turn   | Place    | Note
-------+----------+-------------------------------------------
     0 | D:1      | Raultor the Octopode Transmuter began the quest for the
                  | Orb.
     0 | D:1      | Reached XP level 1. HP: 13/13 MP: 3/3
   347 | D:1      | Reached XP level 2. HP: 18/18 MP: 5/5
   350 | D:1      | Learned a level 2 spell: Wereblood
   483 | D:1      | You fall into a shaft and drop 1 floor!
   494 | D:2      | Reached skill level 3 in Transmutations
   984 | D:2      | Found a runed translucent door.
   985 | D:2      | Noticed Crazy Yiuf
  1037 | D:2      | Identified the +2 spear of Dissatisfaction {vorpal, rElec
                  | rPois rC++ Str+2}
  1076 | D:2      | Reached XP level 3. HP: 14/23 MP: 4/6
  1636 | D:2      | Learned a level 3 spell: Spider Form
  1802 | D:2      | Slain by Crazy Yiuf

Vanquished Creatures
  2 worms (D:2)
  A dart slug (D:1)
  3 ball pythons
  4 endoplasms
  5 goblins
  2 hobgoblins
  7 kobolds
  3 quokkas
  2 bats (D:2)
  2 frilled lizards (D:1)
  A rat (D:1)
32 creatures vanquished.

Vanquished Creatures (others)
  A fungus (D:2)
1 creature vanquished.

Grand Total: 33 creatures vanquished

Table legend: (Time is in decaauts)
 A = Elapsed time spent in this place.
 B = Non-inter-level travel time spent in this place.
 C = Inter-level travel time spent in this place.
 D = Time resting spent in this place.
 E = Time spent auto-exploring this place.
 F = Levels seen in this place.
 G = Mean time per level.
                   A        B        C        D        E       F      G
               +--------+--------+--------+--------+--------+-----+--------+
         Total |   1796 |   1785 |     11 |      0 |   1501 |   2 |  898.0 |
       Dungeon |   1796 |   1785 |     11 |      0 |   1501 |   2 |  898.0 |
               +--------+--------+--------+--------+--------+-----+--------+

Top non-repeatable levels by time:
     D:1: 937 daAuts
     D:2: 859 daAuts

Table legend:
 A = Non-vault XP
 B = Vault XP
 C = Vault XP percentage of total XP
 D = Non-vault monster count
 E = Vault monster count
 F = Vault count percentage of total count
                 A         B        C        D         E       F
            +---------+---------+-------+---------+---------+-------
      Total |      60 |       0 |   0.0 |      32 |       0 |   0.0
            +---------+---------+-------+---------+---------+-------
        D:1 |      27 |       0 |   0.0 |      16 |       0 |   0.0
        D:2 |      33 |       0 |   0.0 |      16 |       0 |   0.0
            +---------+---------+-------+---------+---------+-------
